 Dungeon Crawl Stone Soup version 0.23-a0-164-g7711e57 (webtiles) character file.

144 mopl the Poker (level 5, -3/41 HPs)
             Began as a Merfolk Abyssal Knight on Sept 9, 2018.
             Was a Follower of Lugonu.
             Slain by an ogre
             ... wielding a cursed +0 giant club
              (19 damage)
             ... on level 3 of the Dungeon.
             The game lasted 00:03:24 (2774 turns).

mopl the Poker (Merfolk Abyssal Knight)             Turns: 2774, Time: 00:03:24

Health: -3/41      AC:  4    Str: 13    XL:     5   Next: 26%
Magic:  7/7        EV: 12    Int: 11    God:    Lugonu [*.....]
Gold:   99         SH:  0    Dex: 14    Spells: 4/4 levels left

rFire    . . .     SeeInvis .   b - +0 dagger (venom)
rCold    . . .     Gourm    .   (no shield)
rNeg     . . .     Faith    .   j - +0 leather armour (curse)
rPois    .         Spirit   .   (no helmet)
rElec    .         Reflect  .   (no cloak)
rCorr    .         Harm     .   (no gloves)
MR       .....                  r - +0 pair of boots
Stlth    ..........             (no amulet)
HPRegen  0.13/turn              i - ring of attention (curse)
MPRegen  0.10/turn              (no ring)

@: no status effects
A: change form in water, swift swim, stealthy swim
a: Depart the Abyss, Renounce Religion


You were on level 3 of the Dungeon.
You worshipped Lugonu.
Lugonu was aware of your devotion.
You were not hungry.

You visited 1 branch of the dungeon, and saw 3 of its levels.
You visited the Abyss 1 time.

You collected 99 gold pieces.

Inventory:

Hand Weapons
 a - a +1 spear
 b - a +0 dagger of venom (weapon)
Missiles
 q - 7 javelins (quivered)
Armour
 j - a cursed +0 leather armour (worn)
 l - a +0 ring mail
 r - a +0 pair of boots (worn)
 s - a +0 leather armour
Jewellery
 i - a cursed ring of attention (left hand)
Wands
 d - a wand of digging (14)
Scrolls
 e - 2 scrolls of remove curse {unknown}
 f - 2 scrolls of identify {unknown}
 h - 2 scrolls of fog {unknown}
 m - a scroll of enchant weapon {unknown}
 n - a scroll of enchant armour {unknown}
 t - a scroll of teleportation {unknown}
Potions
 g - 2 potions of brilliance {unknown}
 k - a potion of curing {unknown}
 o - a potion of agility {unknown}
 p - a potion of degeneration {unknown}
 v - a potion of heal wounds {unknown}
 w - a potion of lignification {unknown}
 x - a potion of resistance {unknown}
Comestibles
 c - 3 rations
 u - a chunk of flesh


   Skills:
 - Level 3.2 Fighting
 * Level 6.5 Polearms
 - Level 0.6 Armour
 - Level 2.6 Dodging
 + Level 3.6 Invocations


You had 4 spell levels left.
You didn't know any spells.
Your spell library was empty.

Dungeon Overview and Level Annotations

Branches:
Dungeon (3/15)

Altars:
Elyvilon


Message History

You hit the ogre.
The ogre is poisoned.
The ogre is lightly wounded.
The ogre hits you with a giant club.
You hit the ogre.
The ogre is moderately wounded.
The ogre barely misses you.
You hit the ogre but do no damage.
The ogre is moderately wounded.
The ogre hits you with a giant club!
There is a stone staircase leading up here.
There is a stone staircase leading up here.
The ogre looks more healthy.
You hit the ogre but do no damage.
The ogre is poisoned.
The ogre is heavily wounded.
The ogre hits you with a giant club!
You are too injured to fight recklessly!
You hit the ogre.
The ogre looks even sicker.
The ogre is severely wounded.
The ogre hits you with a giant club!!
You die...

##.....# ##..###.# ###.#...#.#
......#.#.################
......#.............(....######
####..########...)........#....
#..########....##...........
##..>.........#.#####...#.##
##...######(...@O.......##.# #
#.............##.######.##.####
##...######.#.##.# #.##.##..
##.## ###.##.# #<##.##.# #.#
#.##.# #.##.##.# #.### #.##.#
##.##.##.## #...# #.##.##
#.#.<...... #.#.#
####.#...####..##.####. #.#.#
#..............##.# #.


You could see an ogre.

Vanquished Creatures
  Jessica (D:2)
  5 adders
  2 oozes (D:1)
  4 worms
  2 dart slugs
  A leopard gecko (D:3)
  3 ball pythons
  7 bats
  3 giant cockroaches
  7 hobgoblins
  4 kobolds
  4 frilled lizards
  4 goblins
  9 rats
56 creatures vanquished.

Notes
Turn   | Place    | Note
-------+----------+-------------------------------------------
     0 | Abyss:1  | mopl the Merfolk Abyssal Knight began the quest for the
                  | Orb.
     0 | Abyss:1  | Reached XP level 1. HP: 18/18 MP: 2/2
    35 | Abyss:2  | Found a corrupted altar of Lugonu.
    36 | Abyss:2  | Noticed a starcursed mass
    36 | Abyss:2  | Noticed a vampire
    57 | Abyss:2  | Noticed an ancient zyme
    68 | D:1      | Escaped the Abyss
   191 | D:1      | Reached XP level 2. HP: 24/24 MP: 3/3
   305 | D:1      | Reached * piety under Lugonu
   305 | D:1      | Reached skill level 4 in Polearms
   710 | D:1      | Reached XP level 3. HP: 27/29 MP: 4/4
   911 | D:2      | Reached skill level 5 in Polearms
   914 | D:2      | Found a white marble altar of Elyvilon.
  1345 | D:2      | Reached skill level 3 in Invocations
  1392 | D:2      | Reached XP level 4. HP: 28/35 MP: 6/6
  1802 | D:2      | Noticed Jessica
  1807 | D:2      | Killed Jessica
  1817 | D:2      | Reached skill level 6 in Polearms
  2270 | D:3      | Reached XP level 5. HP: 24/41 MP: 7/7
  2742 | D:3      | Noticed an ogre
  2774 | D:3      | Slain by an ogre

Vault maps used:
D:1:      minmay_arrival_three_doors
D:2:      overflow_temple_1_default, hangedman_decor_riveting, uniq_jessica
D:3:      tso_altar

Skill      XL: |  1  2  3  4 |
---------------+-------------+-----
Polearms       | 4 5 6 |  6.5
Invocations    | 3 |  3.6
Fighting       | |  3.2
Armour         | |  0.6
Dodging        | |  2.6

Action                   |  1- 3 |  4- 6 || total
-------------------------+-------+-------++-------
Melee: Spear             |   124 |    71 ||   195
       Dagger            |       |    43 ||    43
Invok: Depart the Abyss  |     1 |       ||     1
 Stab: Sleeping          |     2 |       ||     2
  Eat: Chunk             |     1 |     5 ||     6
Armor: Leather armour    |    24 |    23 ||    47
Dodge: Dodged            |    64 |    42 ||   106

Table legend:
 A = Non-vault XP
 B = Vault XP
 C = Vault XP percentage of total XP
 D = Non-vault monster count
 E = Vault monster count
 F = Vault count percentage of total count
                 A         B        C        D         E       F
            +---------+---------+-------+---------+---------+-------
      Total |     169 |      37 |  18.0 |      55 |       1 |   1.8
            +---------+---------+-------+---------+---------+-------
        D:1 |      46 |       0 |   0.0 |      21 |       0 |   0.0
        D:2 |      71 |      37 |  34.3 |      25 |       1 |   3.8
        D:3 |      52 |       0 |   0.0 |       9 |       0 |   0.0
            +---------+---------+-------+---------+---------+-------
